 Dungeon Crawl Stone Soup version 0.28-a0-863-g8cecda6153 (webtiles) character file.

Game seed: 11659732980212005366

46 Strife64 the Magician (level 3, -2/28 HPs)
             Began as a Djinni Hedge Wizard on Nov 15, 2021.
             Slain by an adder (3 damage)
             ... on level 2 of the Dungeon on Nov 16, 2021.
             The game lasted 00:09:24 (2420 turns).

Strife64 the Magician (Djinni Hedge Wizard)         Turns: 2420, Time: 00:09:25

Health: -2/28      AC:  2    Str:  9    XL:     3   Next: 92%
Gold:   127        EV: 12    Int: 16    God:
                   SH:  0    Dex: 12

rFire   + + +      SeeInvis .   h - +0 hand axe
rCold   x . .      Faith    .   (no shield)
rNeg    . . .      Spirit   .   b - +0 robe
rPois   ∞          Reflect  .   c - +0 hat
rElec   .          Harm     .   (no cloak)
rCorr   .          Rampage  .   (no gloves)
Will    .....                   (boots unavailable)
Stlth   ++........              (no amulet)
HPRegen 0.09/turn               d - ring of protection from fire
MPRegen 0.00/turn               (no ring)

@: flying
A: sickness immunity, fire resistance 2, cold vulnerability 1, float, innate
caster, hp casting, extra vitality 1
a: no special abilities


You were on level 2 of the Dungeon.
You visited 1 branch of the dungeon, and saw 2 of its levels.

You collected 127 gold pieces.

Inventory:

Hand Weapons
 h - a +0 hand axe (weapon)
Missiles
 g - 2 throwing nets
Armour
 b - a +0 robe (worn)
 c - a +0 hat (worn)
 e - a +0 chain mail
Jewellery
 d - a ring of protection from fire (left hand)
Scrolls
 i - a scroll of immolation {unknown}
 l - a scroll of noise {unknown}
 m - a scroll of magic mapping {unknown}
Potions
 a - a potion of lignification {unknown}
 f - a potion of brilliance {unknown}
 j - a potion of curing {unknown}
 k - a potion of berserk rage {unknown}


   Skills:
 * Level 1.6 Fighting
 + Level 0.4 Axes
 + Level 2.6 Dodging
 - Level 1.5 Stealth
 * Level 2.9 Spellcasting


You couldn't memorise any spells.
You knew the following spells:

 Your Spells              Type           Power      Damage    Failure   Level
a - Blink                 Tloc           22%        N/A       9%          2
b - Magic Dart            Conj           44%        1d5       5%          1
c - Freeze                Ice            44%        1d6       5%          1
d - Slow                  Hex            44%        N/A       5%          1
e - Conjure Flame         Conj/Fire      11%        6-21      17%         3
f - Mephitic Cloud        Conj/Pois/Air  11%        N/A       17%         3
s - Call Imp              Summ           11%        N/A       9%          2
Your spell library was empty.

Dungeon Overview and Level Annotations

Branches:
Dungeon (2/15)

Altars:
Vehumet


Innate Abilities, Weirdness & Mutations

You are immune to sickness and miasma.
You are immune to poison.
Your flesh is very heat resistant. (rF++)
You are vulnerable to cold. (rC-)
You float through the air rather than walking.
You learn spells naturally, not from books.
Your magical power is your life essence.
You have superior vitality. (+4 HP)


Message History

The adder is heavily wounded.
The adder bites you but does no damage. The adder bites you.
You hit the adder.
The adder is heavily wounded.
The adder bites you.
You closely miss the adder.
The adder is heavily wounded.
The adder misses you. The adder closely misses you.
You closely miss the adder.
The adder is heavily wounded.
The adder barely misses you. The adder bites you.
You barely miss the adder.
The adder is heavily wounded.
The adder misses you.
You barely miss the adder.
The adder is heavily wounded.
The adder bites you. x2
You closely miss the adder.
The adder is heavily wounded.
The adder completely misses you. The adder bites you.
You barely miss the adder.
The adder is heavily wounded.
The adder barely misses you.
Aiming: Magic Dart (safe; 5% risk of failure)
Press: ? - help, Q - select action, (/) - cycle Shift-Dir - straight line, f/p - adder
Aim: an adder (heavily wounded, 100% to hit)
The magic dart hits the adder.
The adder is heavily wounded.
The adder bites you.
* * * LOW HITPOINT WARNING * * *
The adder bites you.
* * * LOW HITPOINT WARNING * * *
Aiming: Magic Dart (safe; 5% risk of failure)
Press: ? - help, Q - select action, (/) - cycle Shift-Dir - straight line, f/p - adder
Aim: an adder (heavily wounded, 100% to hit)
The magic dart hits the adder.
The adder is severely wounded.
* * * LOW HITPOINT WARNING * * *
The adder bites you.
You die...

#......#'#.##...†....#.#
##.........##...........
#.........##...........
#..............)####...
#........#####.........
#######'#...##......#..
#.#.#.##......##
#.#..............
#@#..(##......##.
#S#..............
#.#############.. ... ..
... ..... ..... .......


You could see an adder.

Vanquished Creatures
  2 adders (D:2)
  A dart slug (D:1)
  5 ball pythons
  2 bats (D:2)
  3 endoplasms (D:1)
  2 giant cockroaches (D:1)
  A hobgoblin (D:1)
  4 kobolds
  2 quokkas (D:1)
  A frilled lizard (D:1)
  A goblin (D:1)
  2 rats (D:2)
26 creatures vanquished.

Notes
Turn   | Place    | Note
-------+----------+-------------------------------------------
     0 | D:1      | Strife64 the Djinni Hedge Wizard began the quest for the
                  | Orb.
     0 | D:1      | Reached XP level 1. HP: 15/15 MP: 0/0
   426 | D:1      | Reached XP level 2. HP: 19/22 MP: 0/0
   638 | D:1      | Reached skill level 1 in Fighting
  1391 | D:1      | Reached XP level 3. HP: 17/27 MP: 0/0
  1391 | D:1      | Learned a level 1 spell: Freeze
  1795 | D:2      | Upgraded the game from 0.28-a0-861-ge64d6db94f to
                  | 0.28-a0-863-g8cecda6153
  1826 | D:2      | Found a faded altar of an unknown god.
  2420 | D:2      | Slain by an adder

Illustrated notes

Levels and vault maps discovered:
D:1:      lordsloth_arrival_two_stooges, layout_basic
D:2:      layout_basic, basic_altar, ebering_ecumenical_altar_mist

Skill      XL: |  1  2 |
---------------+-------+-----
Fighting       | 1 |  1.6
Axes           | |  0.4
Dodging        | |  2.6
Stealth        | |  1.5
Spellcasting   | |  2.9

Action                   || total
-------------------------++-------
Melee: Hand axe          ||    35
 Cast: Magic Dart        ||    70
       Blink             ||     1
Armor: Robe              ||    12
Dodge: Dodged            ||    49

Table legend: (Time is in decaauts)
 A = Elapsed time spent in this place.
 B = Non-inter-level travel time spent in this place.
 C = Inter-level travel time spent in this place.
 D = Time resting spent in this place.
 E = Time spent auto-exploring this place.
 F = Levels seen in this place.
 G = Mean time per level.
                   A        B        C        D        E       F      G
               +--------+--------+--------+--------+--------+-----+--------+
         Total |   2429 |   2380 |     49 |   1271 |     25 |   2 | 1214.5 |
       Dungeon |   2429 |   2380 |     49 |   1271 |     25 |   2 | 1214.5 |
               +--------+--------+--------+--------+--------+-----+--------+

Top non-repeatable levels by time:
     D:1: 1667 daAuts
     D:2: 761 daAuts
